 Dungeon Crawl Stone Soup version 0.30.2 (webtiles) character file.

Game seed: 17253885161113785601

464 porpoise the Shooter (level 7, 0/55 HPs)
             Began as a Human Hunter on Mar 5, 2024.
             Killed from afar by a white imp (7 damage)
             ... with a puff of frost
             ... on level 7 of the Dungeon.
             The game lasted 00:07:51 (3184 turns).

porpoise the Shooter (Human Hunter)                 Turns: 3184, Time: 00:07:51

Health: 0/55       AC:  4    Str: 12    XL:     7   Next: 29%
Magic:  7/7        EV: 12    Int:  9    God:
Gold:   112        SH:  0    Dex: 18    Spells: 6/6 levels left

rFire   . . .        a - +0 shortbow
rCold   . . .        (shield currently unavailable)
rNeg    . . .        c - +0 leather armour
rPois   .            (no helmet)
rElec   .            (no cloak)
rCorr   .            m - +0 pair of gloves
SInv    .            (no boots)
Will    .....        (no amulet)
Stlth   ++           (no ring)
HPRegen 0.29/turn    (no ring)
MPRegen 0.10/turn

%: no passive effects
@: no status effects
A: no striking features
a: no special abilities


You were on level 7 of the Dungeon.
You visited 1 branch of the dungeon, and saw 5 of its levels.

You collected 164 gold pieces.
You spent 52 gold pieces at shops.

Inventory:

Hand Weapons
 a - a +0 shortbow (weapon)
 b - a +1 dagger of venom
Armour
 c - a +0 leather armour (worn)
 i - a +3 scale mail of poison resistance
 m - a +0 pair of gloves (worn)
 n - a +3 chain mail
Jewellery
 f - a +5 ring of evasion
 h - a ring of fire
 t - an amulet of reflection
Scrolls
 d - 3 scrolls of immolation
 g - a scroll of enchant armour {unknown}
 j - a scroll of blinking {unknown}
 o - a scroll of fear {unknown}
 p - 2 scrolls of identify
 s - a scroll of poison {unknown}
Potions
 e - a potion of flight
 k - 2 potions of haste
 l - 3 potions of heal wounds
 q - a potion of berserk rage {unknown}
 r - a potion of lignification {unknown}
 u - a potion of curing {unknown}


   Skills:
 + Level 4.4 Fighting
 * Level 7.1 Ranged Weapons
 - Level 2.0 Dodging
 - Level 1.0 Stealth


You had 6 spell levels left.
You didn't know any spells.
Your spell library contained the following spells:

 Spells                   Type           Power      Damage    Failure   Level
 Blink                    Tloc           0%         N/A       61%         2
 Lesser Beckoning         Tloc           0%         N/A       61%         2
 Momentum Strike          Conj/Tloc      0%         3d8       61%         2


Dungeon Overview and Level Annotations

Branches:
Dungeon (4/15)
 Temple: D:4-7

Altars:
Ashenzari
Dithmenos
Nemelex Xobeh
Yredelemnul

Shops:
D:1 !???   D:4 =

Annotations:
D:4 3 runed translucent doors, Sinnistrad's ghost, amateur MiFi


Message History

The centaur kicks you but does no damage.
The white imp shouts, "Fly, thou bootless crook-pated hedge-pig!"
An orc comes into view. It is wielding a +0 hand axe.
The centaur hits you. The centaur closely misses you.
You shoot an arrow.
The arrow hits the centaur but does no damage.
The centaur is moderately wounded.
The centaur hits you but does no damage.
The centaur closely misses you. The white imp hits you.
The white imp freezes you.
The centaur hits you but does no damage.
The centaur barely misses you.
You shoot an arrow. The arrow hits the centaur.
The centaur is severely wounded.
The bullfrog barely misses you. The centaur barely misses you.
The centaur kicks you. The white imp closely misses you.
The bullfrog barely misses you. The centaur barely misses you.
The centaur kicks you.
You shoot an arrow.
The arrow completely misses the centaur.
The bullfrog closely misses you. The white imp gestures at you.
The puff of frost hits you.
* * * LOW HITPOINT WARNING * * *
The centaur closely misses you. The centaur completely misses you.
The bullfrog misses you.
The white imp shouts, "Crawl home, thou hateful wibble-sucking minnow reeky!"
The white imp closely misses you.
You shoot an arrow. The arrow closely misses the centaur.
The centaur hits you.
* * * LOW HITPOINT WARNING * * *
The centaur kicks you.
* * * LOW HITPOINT WARNING * * *
The bullfrog hits you but does no damage.
The centaur hits you.
* * * LOW HITPOINT WARNING * * *
The centaur kicks you but does no damage.
The bullfrog hits you but does no damage.
The white imp gestures at you. The puff of frost hits you!
You die...

.......##.#
.......##.# #.###...
.......##.. ......#
......###.. .[..!.#
.....## #... ...).# ##
_8_.## ##.. ....##...
._..# #.# #?......#
....# #.#####.5......
.#### #.##...@co# .###
#.##....F##
...#######.#.....## .
##...........#######..
##..####.[##.........
#.###...............
###.###...###.........
......#...###.........
..............########


You could see a bullfrog, a centaur, a white imp and an orc.

Vanquished Creatures
  Menkaure (D:4)
  A black bear (D:4)
  An ogre (D:4)
  A hound (D:4)
  Robin (D:4)
  2 adders
  An adder zombie (D:4)
  5 dart slugs
  4 orcs
  5 bats
  10 endoplasms
  2 giant cockroaches
  19 goblins
  7 hobgoblins
  3 jackals (D:1)
  3 kobolds (D:1)
  4 quokkas
  5 ball pythons
  7 frilled lizards
  6 rats
88 creatures vanquished.

Notes
Turn   | Place    | Note
-------+----------+-------------------------------------------
     0 | D:1      | porpoise the Human Hunter began the quest for the Orb.
     0 | D:1      | Reached XP level 1. HP: 16/16 MP: 1/1
    69 | D:1      | Found Toda's Distillery.
   112 | D:1      | Reached XP level 2. HP: 22/22 MP: 2/2
   268 | D:1      | Reached XP level 3. HP: 28/28 MP: 3/3
   373 | D:1      | Found Wigitaq's Magic Scroll Shoppe.
   398 | D:1      | Found Xakig's Magic Scroll Shoppe.
   401 | D:1      | Bought a scroll of identify for 26 gold pieces
   401 | D:1      | Bought a scroll of identify for 26 gold pieces
   503 | D:1      | Found Ameruxa's Magic Scroll Boutique.
   554 | D:1      | Reached XP level 4. HP: 34/34 MP: 4/4
   830 | D:2      | Reached skill level 5 in Ranged Weapons
  2227 | D:4      | Noticed an ogre
  2236 | D:4      | Killed an ogre
  2237 | D:4      | Reached XP level 5. HP: 17/41 MP: 5/5
  2412 | D:4      | Reached skill level 6 in Ranged Weapons
  2432 | D:4      | Noticed Menkaure
  2441 | D:4      | Killed Menkaure
  2442 | D:4      | Reached XP level 6. HP: 25/48 MP: 6/6
  2491 | D:4      | Noticed Robin
  2494 | D:4      | Killed Robin
  2836 | D:4      | Noticed a black bear
  2844 | D:4      | Killed a black bear
  2845 | D:4      | Reached skill level 7 in Ranged Weapons
  2845 | D:4      | Reached XP level 7. HP: 45/55 MP: 7/7
  2894 | D:4      | Found a runed translucent gate.
  2894 | D:4      | Found a runed translucent gate.
  2894 | D:4      | Found a runed translucent gate.
  2894 | D:4      | Noticed Sinnistrad's ghost (amateur MiFi)
  2896 | D:4      | Found a basalt altar of Yredelemnul.
  3000 | D:4      | Found Ruts's Jewellery Shop.
  3120 | D:4      | You fall into a shaft and drop 3 floors!
  3125 | D:7      | Found a shadowy altar of Dithmenos.
  3125 | D:7      | Found a broken altar of Ashenzari.
  3133 | D:7      | Found a sparkling altar of Nemelex Xobeh.
  3184 | D:7      | Killed from afar by a white imp

Illustrated notes

Levels and vault maps discovered:
D:1:      minmay_arrival_jagged, layout_loops_ring, serial_shops,
          nicolae_shop_pleasant_corner_grove, shop,
          nicolae_shop_real_fake_doors, nicolae_shop_behind_doors,
          hangedman_feature_mirror
D:2:      layout_basic
D:3:      layout_loops_ring, serial_glass, glass_columns_a, glass_columns_b,
          kennysheep_boxes
D:4:      layout_basic, nicolae_yredelemnul_ghost_church, serial_shops, shop,
          uniq_robin, uniq_menkaure
D:7:      layout_rooms, chequers_temple_overflow_statue_of_worship,
          minmay_temple_entry_trees, uniq_crazy_yiuf_cottage

Skill      XL: |  1  2  3  4  5  6 |
---------------+-------------------+-----
Ranged Weapons | 5 6 7 |  7.1
Fighting       | 3 4 |  4.4
Dodging        | |  2.0
Stealth        | |  1.0

Action                     |  1- 3 |  4- 6 |  7- 9 || total
---------------------------+-------+-------+-------++-------
  Melee: Dagger            |     1 |     3 |       ||     4
   Fire: Shortbow          |    91 |   115 |    33 ||   239
    Use: Scroll            |     1 |     4 |       ||     5
 Armour: Leather armour    |     8 |    11 |     8 ||    27
  Dodge: Dodged            |    20 |    34 |    22 ||    76
